Map: Ever Dream LE

Players

LiquidClem (Clem) - Winner!

  • Race: Terran Terran
  • League: Master
  • Spawn Location: 7:00

GunGFuBanDa

  • Race: Protoss Protoss
  • League: Master
  • Spawn Location: 1:00

Event: DreamHack SC2 Masters 2020 Summer Europe

VOD

Have the link to the VOD?

Description

Time

  • Played on: July 5, 2020, 12:39 p.m.
  • Length: 8:44

All games in this series

Show
View Real Time Build Order
Export as new Build Order

LiquidClem Terran - Winner!

Build Orders: Reaper Expand 

Get SALT Encoding   

  12  0:00  SCV  
  13  0:12  SCV  
  14  0:16  Supply Depot  
  14  0:25  SCV  
  15  0:38  SCV, Barracks  
  16  0:43  Refinery  
  16  0:50  SCV  
  17  1:02  SCV  
  18  1:14  SCV  
  19  1:25  Reaper  
  20  1:26  Orbital Command  
  20  1:41  Command Center  
  20  1:48  Supply Depot  
  20  1:53  SCV  
  21  1:58  Marine  
  22  2:05  SCV  
  23  2:09  Factory  
  23  2:16  Bunker  
  23  2:19  SCV  
  23  2:22  Barracks Reactor  
  24  2:25  Refinery  
  24  2:31  SCV  
  25  2:43  SCV  
  26  2:52  Orbital Command  
  26  2:55  Starport, SCV  
  26  2:58  Marine x2  
  27  3:03  Hellion  
  31  3:07  SCV  
  32  3:16  Marine x2  
  32  3:19  SCV  
  36  3:20  SCV  
  36  3:25  Factory Tech Lab  
  36  3:31  SCV  
  36  3:34  Supply Depot, SCV  
  38  3:35  Marine x2  
  40  3:43  SCV  
  40  3:46  Raven  
  43  3:49  Factory Tech Lab  
  43  3:52  Barracks  
  43  3:54  Marine x2  
  44  3:55  Barracks  
  44  4:01  Supply Depot  
  42  4:07  Siege Tank  
  45  4:11  Engineering Bay  
  45  4:13  SCV x2  
  45  4:15  Marine x2  
  49  4:22  Supply Depot  
  49  4:26  SCV x2  
  53  4:35  Marine x2  
  53  4:38  SCV  
  56  4:41  SCV  
  55  4:46  Refinery, Terran Infantry Weapons Level 1  
  55  4:47  Supply Depot  
  55  4:49  Marauder  
  55  4:50  Stimpack, SCV  
  55  4:52  Marauder  
  60  4:54  Marine  
  60  4:55  Marine  
  60  4:56  SCV  
  63  5:05  Refinery, SCV  
  63  5:06  Combat Shield, Supply Depot  
  64  5:12  Marine x2, SCV  
  67  5:17  Marauder, SCV  
  70  5:22  Supply Depot, Starport Reactor  
  70  5:24  SCV  
  70  5:26  Factory Reactor  
  73  5:28  Marauder  
  73  5:32  SCV  
  73  5:34  Supply Depot  
  73  5:35  Marine  
  75  5:37  SCV  
  75  5:41  Marine  
  77  5:44  SCV  
  77  5:47  Marauder  
  77  5:49  SCV  
  81  5:50  Supply Depot  
  81  5:51  Marauder  
  81  5:54  Marine  
  84  6:04  Marine  
  84  6:06  Medivac x2  
  84  6:09  Marauder, Widow Mine x2  
  95  6:12  Supply Depot  
  95  6:13  Marauder  
  97  6:22  Command Center  
  97  6:24  Marine  
  97  6:25  Marine  
  99  6:27  Concussive Shells  
  99  6:31  Supply Depot, Widow Mine  
  101  6:34  Marauder  
  103  6:42  Marauder, Supply Depot, Medivac  
  103  6:44  Widow Mine  
  108  6:52  Marine x2  
  108  6:57  Barracks  
  108  6:58  Marauder, Barracks  
  109  7:04  Widow Mine  
  109  7:05  Marauder  
  109  7:08  Medivac  
  114  7:11  Marine x2  
  114  7:15  Widow Mine  
  116  7:20  Marauder  
  118  7:22  SCV  
  118  7:23  SCV  
  118  7:26  Marauder  
  116  7:30  Marine  
  116  7:32  Widow Mine, Medivac  
  116  7:34  SCV  
  122  7:38  Marine  
  122  7:39  SCV  
  122  7:40  SCV  
  122  7:41  Marauder  
  124  7:47  Widow Mine  
  124  7:49  Marauder  
  118  7:52  Marine  
  118  7:54  Widow Mine  
  118  7:55  Medivac  
  108  7:58  Marine  
  108  8:03  Marauder, Barracks Tech Lab  
  108  8:04  Barracks Reactor  
  108  8:05  Orbital Command  
  100  8:06  SCV x2  
  100  8:10  Marine  
  100  8:12  Medivac  
  104  8:14  Widow Mine  
  104  8:16  Marine  
  104  8:18  Marauder, SCV  
  110  8:24  SCV  
  113  8:30  SCV x2  
Show
View Real Time Build Order
Export as new Build Order

GunGFuBanDa Protoss 

Build Orders: 1 Gate Expand 

Get SALT Encoding   

  12  0:00  Probe  
  13  0:12  Probe  
  14  0:17  Pylon  
  14  0:24  Probe  
  15  0:32  Probe  
  15  0:38  Gateway  
  15  0:40  Probe  
  16  0:46  Assimilator  
  17  0:51  Probe  
  18  1:03  Probe  
  19  1:15  Probe  
  20  1:24  Cybernetics Core  
  20  1:33  Nexus  
  20  1:36  Probe  
  21  1:45  Pylon  
  21  1:48  Probe  
  21  1:52  Assimilator  
  21  1:53  Adept  
  22  2:02  Warp Gate  
  22  2:07  Probe  
  25  2:19  Probe  
  26  2:29  Adept  
  28  2:30  Probe  
  29  2:38  Probe  
  29  2:42  Probe  
  30  2:46  Probe  
  30  2:50  Gateway, Probe  
  32  2:57  Probe  
  33  2:59  Probe  
  33  3:01  Adept  
  37  3:06  Gateway  
  37  3:09  Probe x2  
  39  3:17  Probe  
  39  3:21  Probe, Pylon  
  39  3:26  Probe  
  41  3:34  Probe  
  43  3:36  Pylon  
  43  3:38  Probe  
  43  3:40  Robotics Facility  
  44  3:46  Probe  
  45  3:50  Adept x2, Probe  
  50  3:58  Probe  
  50  4:01  Twilight Council  
  50  4:02  Probe  
  52  4:03  Adept  
  54  4:10  Blink  
  54  4:11  Sentry  
  54  4:13  Nexus  
  56  4:18  Pylon  
  56  4:19  Probe x2  
  58  4:27  Observer  
  58  4:29  Pylon  
  59  4:32  Stalker  
  59  4:34  Probe  
  59  4:36  Probe  
  63  4:43  Assimilator  
  63  4:45  Pylon  
  63  4:46  Probe  
  63  4:48  Forge  
  63  4:49  Probe  
  63  4:50  Protoss Ground Weapons Level 1  
  65  4:58  Probe  
  65  4:59  Pylon  
  66  5:01  Probe  
  67  5:07  Gateway  
  67  5:08  Gateway  
  67  5:10  Probe  
  67  5:13  Probe  
  69  5:22  Stalker x3, Probe  
  69  5:25  Probe x2  
  78  5:34  Probe  
  77  5:36  Observer  
  77  5:37  Probe x2  
  77  5:42  Charge  
  69  5:46  Probe  
  69  5:47  Stalker x3  
  69  5:49  Warp Prism, Probe  
  76  6:02  Probe  
  79  6:04  Shield Battery, Pylon  
  79  6:13  Zealot x2  
  79  6:14  Zealot x3  
  87  6:22  Gateway, Probe  
  87  6:23  Gateway  
  88  6:35  Pylon  
  88  6:39  Sentry, Stalker x3  
  95  6:40  Stalker  
  95  6:45  Photon Cannon  
  95  6:54  Probe  
  95  6:55  Immortal  
  95  6:57  Probe  
  95  6:59  Pylon  
  101  7:02  Pylon  
  101  7:07  Zealot x3  
  101  7:08  Zealot x2  
  107  7:17  Zealot  
  109  7:26  Zealot  
  109  7:29  Zealot x5  
  109  7:35  Immortal  
  110  7:40  Probe  
  79  8:01  Stalker x5  
  79  8:02  Stalker x2  
  86  8:27  Zealot x7  
Tags
 
Add a new tag
Caveats
  • Supply blocks, unpowered buildings, or Contaminate may cause inaccurate times.
  • Supply counts are checked every 10 seconds.